 Dungeon Sprint DCSS version 0.28-a0-312-gbced6e68ee (webtiles) character file.

Game seed: 16047997892555862902

8 Ankalagon the Shield-Bearer (level 2, 0/30 HPs)
             Began as a Deep Dwarf Fighter on Aug 30, 2021.
             Slain by a spriggan (7 damage)
             ... in the Dungeon (Sprint V: "Ziggurat Sprint").
             The game lasted 00:00:53 (61 turns).

Ankalagon the Shield-Bearer (Deep Dwarf Fighter)      Turns: 61, Time: 00:00:53

Health: 0/30       AC: 19    Str: 19    XL:     2   Next: 0%
Magic:  2/2        EV:  3    Int:  8    God:
Gold:   0          SH:  8    Dex: 12    Spells: 1/1 levels left

rFire   + . .      SeeInvis .   P - +7 Screaming Sword {vorpal, sonic wave}
rCold   + . .      Faith    .   t - +3 buckler
rNeg    . . .      Spirit   .   o - +5 gold dragon scales
rPois   +          Reflect  .   (no helmet)
rElec   .          Harm     .   (no cloak)
rCorr   .          Rampage  .   (no gloves)
Will    .....      NoTele   +   (no boots)
Stlth   ..........              (no amulet)
HPRegen 0.00/turn               (no ring)
MPRegen 0.08/turn               (no ring)

@: no status effects
A: damage resistance, heal wounds, sense surroundings 1, no regeneration
a: Heal Wounds


You were in the Dungeon.
You visited 1 branch

Inventory:

Hand Weapons
 a - a +0 long sword
 P - the +7 Screaming Sword (weapon) {vorpal, sonic wave}
   (You found it in the Dungeon)

   It inflicts extra damage upon your enemies.
   It radiates damaging sonic waves as it strikes, especially in combat
   involving dangerous or numerous foes.
 Q - the +5 sword of Power {vorpal}
   (You found it in the Dungeon)

   It inflicts extra damage upon your enemies.
   It occasionally discharges a powerful but inaccurate bolt of energy upon
   striking a foe, with increased chance the greater the wielder's current
   health.
 R - the +9 sword of Zonguldrok {reap}
   (You found it in the Dungeon)

   Any living foe damaged by it may be reanimated upon death as a zombie
   friendly to the wielder, with an increasing chance as more damage is dealt.
 S - the +11 plutonium sword {Contam Stlth-}
   (You found it in the Dungeon)

   It occasionally inflicts wild transmutation effects on those it strikes,
   inflicting malmutation or extra damage, or polymorphing them into a new form.
   Contam:    It causes magical contamination when unequipped.
   Stlth:     It makes you less stealthy.
Armour
 b - a +0 scale mail
 c - a +0 kite shield
 k - +5 fire dragon scales
 l - +5 ice dragon scales
 m - +5 storm dragon scales
 n - +5 shadow dragon scales
 o - +5 gold dragon scales (worn)
 p - a +5 crystal plate armour
 q - a +5 plate armour
 r - a +3 kite shield
 s - a +3 tower shield
 t - a +3 buckler (worn)
 O - the +18 shield of the Gong {rElec rN+ Will+ EV-5}
   (You found it in the Dungeon)

   It is deafeningly noisy when blocking attacks.
   EV:        It affects your evasion (-5).
   rElec:     It insulates you from electricity.
   rN:        It protects you from negative energy.
   Will:      It increases your willpower.
Jewellery
 G - a ring of flight
 H - a +6 ring of dexterity
 I - a +6 ring of dexterity
 J - a +6 ring of intelligence
 K - a +6 ring of intelligence
 L - a +6 ring of strength
 M - a +6 ring of strength
Wands
 D - a wand of mindburst (7)
 E - a wand of iceblast (7)
 F - a wand of acid (7)
Scrolls
 j - 4 scrolls of blinking
 y - 7 scrolls of fog
 z - a scroll of holy word
 A - 5 scrolls of identify
 B - 2 scrolls of fear
 C - 4 scrolls of amnesia
Potions
 d - 6 potions of might
 e - 10 potions of curing
 f - 10 potions of heal wounds
 g - 6 potions of haste
 h - 7 potions of magic
 i - 3 potions of berserk rage
 u - 2 potions of brilliance
 v - 2 potions of invisibility
 w - 4 potions of resistance
Miscellaneous
 N - a lightning rod (2/4) (quivered)


   Skills:
 + Level 3.8 Fighting
 + Level 3.4 Long Blades
 + Level 4.5 Armour
 + Level 3.1 Dodging
 + Level 4.6 Shields
 + Level 3.7 Evocations


You had one spell level left.
You didn't know any spells.
Your spell library was empty.

Dungeon Overview and Level Annotations

Branches:
Dungeon (1/1)

Altars:
Ashenzari
Cheibriados
Dithmenos
Elyvilon
Fedhas
Gozag
Hepliaklqana
Kikubaaqudgha
Makhleb
Nemelex Xobeh
Okawaru
Qazlal
Ru
Sif Muna
Trog
Uskayaw
Vehumet
Wu Jian
Xom
Yredelemnul
Zin
The Shining One
Beogh
Jiyva
Lugonu

Annotations:
D 1 transporter


Innate Abilities, Weirdness & Mutations

You are resistant to damage.
You can heal yourself by infusing magical energy.
You passively map a small area around you.
You do not regenerate.


Message History

Your Shields skill increases to level 4!
Your Evocations skill gained 3 levels and is now at level 3!
You have reached level 2!
Unknown command.
The sword says, "Hi!
I'm the Singing Sword!"
P - the +7 Singing Sword (weapon)
{vorpal, sonic wave} You start removing your armour.
You continue taking off your +0 kite shield. x4
You finish taking off your +0 kite shield.
You start putting on your armour.
You continue putting on your +3 buckler. x5
You finish putting on your +3 buckler.
There is a transporter here.
Welcome to arena 1.
You enter the transporter and appear at another place. 2 spriggans come into view.
The spriggan shouts! x2
Found a +1 broad axe of freezing and a staff of cold.
Found a transporter.
Non-targeted abil: Heal Wounds
Press: ? - help, Q - select action, (/) - cycle Dir - look around, f - activate
Okay, then.
Unknown command.
Unknown command.
Aiming: Thunderbolt
Press: ? - help, Q - select action, (/) - cycle Shift-Dir - straight line, f - spriggan
Aim: a spriggan, wielding a +0 rapier and wearing a +0 robe The thunderbolt hits the spriggan!
The spriggan is heavily wounded.
The spriggan hits you with a +0 rapier! x2
* * * LOW HITPOINT WARNING * * *
Aiming: Thunderbolt
Press: ? - help, Q - select action, (/) - cycle Shift-Dir - straight line, f - spriggan, p - spriggan
Aim: a spriggan, wielding a +0 rapier and wearing a +0 robe The thunderbolt hits the spriggan!!
You kill the spriggan!
The thunderbolt hits the spriggan!
The spriggan is heavily wounded.
The spriggan hits you with a +0 rapier!
You die...

* ▓▓▓▓▓▓▓
, , ©
,▓.8©8.▓
, ,
▓.....▓ *
,▓.|.).▓
, ,
▓.....▓ ,
,▓.)i..▓
*
,,▓..@..▓
, ▓▓▓▓▓▓▓
* * * , *
, , , ,,
, * ,


You could see a spriggan.

Vanquished Creatures
  A spriggan (D)
1 creature vanquished.

Notes
Turn   | Place    | Note
-------+----------+-------------------------------------------
     0 | D        | Ankalagon the Deep Dwarf Fighter began the quest for the
                  | Orb.
     0 | D        | Reached XP level 1. HP: 20/20 MP: 1/1
     3 | D        | Found a blossoming altar of Fedhas.
     3 | D        | Found the +6 Majin-Bo {vamp, MP+6 Int+6}
     3 | D        | Found the +9 heavy crossbow "Sniper" {vorpal, Acc+∞ SInv}
     3 | D        | Found the +10 dark maul {vorpal}
     3 | D        | Found the +15 Maxwell's patent armour {-Cast -Tele rElec
                  | Will+ rCorr}
     3 | D        | Found the +18 shield of the Gong {rElec rN+ Will+ EV-5}
     3 | D        | Found the +14 obsidian axe {vorpal, Mesm Drain Fly SInv}
     3 | D        | Found the +7 great mace "Firestarter" {inner flame, rF++}
     3 | D        | Found the +6 shillelagh "Devastator" {shatter}
     3 | D        | Found the +11 plutonium sword {Contam Stlth-}
     3 | D        | Found the +8 lance "Wyrmbane" {slay drac, rPois rF+ rC+
                  | AC+3}
     3 | D        | Found the +9 sword of Zonguldrok {reap}
     3 | D        | Found the +13 scythe of Curses {drain, Drain}
     3 | D        | Found the +5 sword of Power {vorpal}
     3 | D        | Found the +7 mace of Variability {chain chaos}
     3 | D        | Found the +7 Singing Sword {vorpal, sonic wave}
     3 | D        | Found the +8 storm bow {elec, penet}
     7 | D        | Found a shimmering blue altar of Sif Muna.
     7 | D        | Found a sacrificial altar of Ru.
     7 | D        | Found a bloodstained altar of Trog.
     7 | D        | Found a stormy altar of Qazlal.
     7 | D        | Found an iron altar of Okawaru.
     7 | D        | Found a sparkling altar of Nemelex Xobeh.
     9 | D        | Found a transporter.
     9 | D        | Found an ancient bone altar of Kikubaaqudgha.
     9 | D        | Found a viscous altar of Jiyva.
     9 | D        | Found a corrupted altar of Lugonu.
     9 | D        | Found a hazy altar of Hepliaklqana.
     9 | D        | Found a burning altar of Makhleb.
     9 | D        | Found an opulent altar of Gozag.
    46 | D        | Reached XP level 2. HP: 30/30 MP: 2/2
    59 | D        | Entered arena 2.
    59 | D        | Noticed a spriggan
    59 | D        | Noticed a spriggan
    59 | D        | Found a transporter.
    61 | D        | Killed a spriggan
    61 | D        | Slain by a spriggan

Illustrated notes

Levels and vault maps discovered:
D:        sprint_v [room_start, room_1, room_2, room_3, room_4, room_5, room_6,
          room_7, room_8, room_9, room_10, room_11, room_12, room_13, room_14,
          room_15, room_16, room_17, room_18, room_19, room_20, room_21,
          room_22, room_23, room_24, room_25, room_26, room_27]

Skill      XL: |  1 |
---------------+----+-----
Fighting       | 3 |  3.8
Long Blades    | 3 |  3.4
Armour         | 4 |  4.5
Dodging        | 3 |  3.1
Shields        | 4 |  4.6
Evocations     | 3 |  3.7

Action                   || total
-------------------------++-------
Evoke: Lightning rod     ||     2
  Use: Potion            ||     1

Table legend: (Time is in decaauts)
 A = Elapsed time spent in this place.
 B = Non-inter-level travel time spent in this place.
 C = Inter-level travel time spent in this place.
 D = Time resting spent in this place.
 E = Time spent auto-exploring this place.
 F = Levels seen in this place.
 G = Mean time per level.
                   A        B        C        D        E       F      G
               +--------+--------+--------+--------+--------+-----+--------+
         Total |     60 |     60 |      0 |      0 |      0 |   1 |   60.0 |
       Dungeon |     60 |     60 |      0 |      0 |      0 |   1 |   60.0 |
               +--------+--------+--------+--------+--------+-----+--------+

Top non-repeatable levels by time:
       D: 60 daAuts
